 Dungeon Crawl Stone Soup version 0.26-a0-720-g2a1d101370 (webtiles) character file.

Game seed: 9009690343364608614

11587 ringo67 the Blocker (level 11, -11/113 HPs)
             Began as an Ogre Fire Elementalist on Nov 2, 2020.
             Was an Elder of Vehumet.
             Mangled by a reaper
             ... wielding a +1 scythe of freezing
              (41 damage)
             ... in an ice cave.
             The game lasted 00:44:36 (17224 turns).

ringo67 the Blocker (Ogre Fire Elementalist)       Turns: 17224, Time: 00:44:37

Health: -11/113    AC: 10    Str: 14    XL:     11   Next: 80%
Magic:  5/23       EV: 10    Int: 19    God:    Vehumet [****..]
Gold:   412        SH: 11    Dex:  9    Spells: 10/26 levels left

rFire    x x .     SeeInvis .   f - +4 flail (freeze) (curse)
rCold    + + +     Faith    +   C - +1 kite shield {AC+3}
rNeg     . . .     Spirit   .   Q - +0 steam dragon scales
rPois    .         Reflect  .   (helmet restricted)
rElec    .         Harm     .   R - +0 cloak {rC+}
rCorr    .         Rampage  .   (gloves unavailable)
MR       +....                  (boots unavailable)
Stlth    +.........             u - amulet of faith
HPRegen  0.28/turn              t - ring of ice
MPRegen  0.18/turn              F - ring of ice

@: no status effects
A: large, unfitting armour, tough skin 1
a: Renounce Religion


You were in an ice cave.
You worshipped Vehumet.
Vehumet was greatly pleased with you.
You visited 2 branches of the dungeon, and saw 13 of its levels.
You also visited: Ice Cave.

You collected 644 gold pieces.
You spent 232 gold pieces at shops.

Inventory:

Hand Weapons
 f - a cursed +4 flail of freezing (weapon)
 D - a +3 whip
Missiles
 E - 2 curare-tipped darts (quivered)
Armour
 a - a +1 robe
 C - a +1 kite shield of protection (worn)
 Q - +0 steam dragon scales (worn)
 R - a +0 cloak of cold resistance (worn)
Jewellery
 l - an uncursed ring of wizardry
 o - a +4 ring of evasion
 t - a ring of ice (left hand)
 u - an amulet of faith (around neck)
 z - an uncursed amulet of regeneration {unknown}
 F - a ring of ice (right hand)
Wands
 h - a wand of paralysis (4)
 M - a wand of random effects (16)
 N - a wand of polymorph (10)
Scrolls
 b - 5 scrolls of remove curse
 c - 5 scrolls of amnesia
 e - 2 scrolls of teleportation
 i - a scroll of enchant armour
 n - a scroll of fear {unknown}
 p - 2 scrolls of fog
 r - 6 scrolls of identify
 s - a scroll of blinking {unknown}
 v - 2 scrolls of magic mapping
 w - 2 scrolls of enchant weapon
 x - a scroll of vulnerability {unknown}
 B - a scroll of silence {unknown}
 G - 3 scrolls of torment {unknown}
 H - a scroll of immolation {unknown}
 I - a scroll of random uselessness {unknown}
 L - a scroll of acquirement {unknown}
 P - a scroll of noise {unknown}
Potions
 d - a potion of mutation {unknown}
 g - 6 potions of curing
 j - a potion of brilliance
 k - 2 potions of magic
 m - a potion of stabbing
 q - 2 potions of might {unknown}
 A - 2 potions of flight {unknown}
 J - a potion of lignification {unknown}
 O - a potion of heal wounds {unknown}
Miscellaneous
 K - a phial of floods


   Skills:
 + Level 8.8 Fighting
 - Level 1.7 Dodging
 - Level 1.4 Stealth
 - Level 9.0 Shields
 - Level 8.0 Spellcasting
 + Level 8.1 Conjurations
 + Level 8.5 Fire Magic
 + Level 0.0 Ice Magic


You had 10 spell levels left.
You knew the following spells:

 Your Spells              Type           Power        Failure   Level
a - Foxfire               Conj/Fire      ####         1%          1
b - Sticky Flame          Conj/Fire      #####...     1%          4
c - Conjure Flame         Conj/Fire      #####...     1%          3
d - Fireball              Conj/Fire      #####.....   2%          5
e - Frozen Ramparts       Ice            ###...       7%          3

Your spell library contained the following spells:

 Spells                   Type           Power        Failure   Level
 Lightning Bolt           Conj/Air       ###.......   13%         5
 Dazzling Flash           Conj/Hex       ###...       1%          3
 Inner Flame              Hex/Fire       ###.....     1%          3
 Corona                   Hex            #......      9%          1
 Ensorcelled Hibernation  Hex/Ice        ###...       14%         2
 Confusing Touch          Hex            #.......     26%         3
 Tukima's Dance           Hex            #.......     26%         3
 Ice Form                 Ice/Tmut       ###.....     65%         4
 Freezing Cloud           Conj/Ice/Air   #####.....   71%         6
 Metabolic Englaciation   Hex/Ice        ###.......   94%         5
 Ozocubu's Refrigeration  Ice            ###.......   96%         6
 Simulacrum               Ice/Necr       ###.......   100%        6


Dungeon Overview and Level Annotations

Branches:
Dungeon (12/15)            Temple (1/1) D:7            Lair (0/6) D:9
  IceCv (1/1)
    Orc: D:9-12

Altars:
Ashenzari
Cheibriados
Dithmenos
Fedhas
Hepliaklqana
Kikubaaqudgha
Makhleb
Nemelex Xobeh
Okawaru
Qazlal
Sif Muna
Trog
Uskayaw
Vehumet
Wu Jian
Zin
The Shining One

Shops:
D:6 **:[   D:8 }

Annotations:
D:10 Erica


Innate Abilities, Weirdness & Mutations

You are too large for most types of armour.
You have tough skin. (AC +1)


Message History

Press: ? - help, v - describe, . - travel
Here: a reaper, wielding a +1 scythe of freezing (severely wounded)
The floor.
Casting: Fireball (dangerous; 2% risk of failure)
Confirm with . or Enter, or press ? or * to list all spells.
Aiming: Fireball (dangerous; 2% risk of failure)
Press: ? - help, Shift-Dir - straight line, f/p - reaper
Aim: a reaper, wielding a +1 scythe of freezing (severely wounded)
The fireball explodes!
The fireball engulfs the reaper.
The reaper is severely wounded.
Unknown command.
Casting: Fireball (dangerous; 2% risk of failure)
Confirm with . or Enter, or press ? or * to list all spells.
Aiming: Fireball (dangerous; 2% risk of failure)
Press: ? - help, Shift-Dir - straight line, f/p - reaper
Aim: a reaper, wielding a +1 scythe of freezing (severely wounded)
The fireball explodes!
The fireball engulfs the reaper!
The reaper is almost dead.
The reaper hits you from afar with a +1 scythe of freezing!!!
You die...

##.###2..# #○§§§§§
#..####..###§§§§§§
##..#.[##..#§°.§.#
#..##..[##..§...#
##..#....##.§..###
#..##....###...#
#.2#....## #...#
#..##.#.## #...#
#..@###..#
#.....2..
##..##...#
#..#.....
#.......#
##.##..#§
##...#..# #.. .##
##..#..## #.§§§#
####...# ##§§ #
##..# §○§ #...##
##...#


You could see a reaper.

Vanquished Creatures
  Harold (D:10)
  A boulder beetle (D:8)
  A two-headed ogre (D:12)
  A manticore (D:9)
  2 ice statues (IceCv)
  A gargoyle (D:9)
  6 ice devils (IceCv)
  A hornet (D:10)
  2 yaks (D:9)
  5 wyverns
  A steam dragon (D:11)
  3 water moccasins
  3 orc warriors
  2 sky beasts
  2 ice beasts
  2 black bears
  6 ogres
  A phantom (D:6)
  A wolf (D:9)
  6 centaurs
  Blork the orc (D:9)
  3 big kobolds
  2 bullfrogs
  A wyvern zombie (D:9)
  9 killer bees
  7 scorpions
  9 wights
  A howler monkey (D:10)
  3 hounds
  A quasit (D:9)
  A centaur zombie (D:9)
  4 bullfrog skeletons
  An orc priest (D:4)
  2 jellies
  3 iguanas
  2 centaur skeletons
  11 worker ants
  9 orc wizards
  A hound skeleton (D:5)
  A mummy (D:6)
  2 worker ant zombies
  Robin (D:2)
  4 gnolls (D:2)
  A howler monkey skeleton (D:10)
  15 adders
  4 shadow imps
  12 white imps
  8 ufetubi
  2 oozes
  2 adder skeletons
  5 worms
  3 dart slugs
  8 leopard geckos
  31 orcs
  9 giant cockroaches
  9 goblins
  16 hobgoblins
  22 jackals
  4 quokkas
  5 bats
  4 frilled lizards
  A jackal zombie (D:9)
  24 kobolds
  A leopard gecko skeleton (D:4)
  A leopard gecko zombie (D:8)
  A quokka skeleton (D:4)
  6 rats
321 creatures vanquished.

Vanquished Creatures (others)
  5 white imps (IceCv)
  2 ufetubi (IceCv)
  A giant cockroach (D:1)
  3 jackals (D:1)
  2 bushes (D:9)
  910 foxfires
  9 fungi (D:9)
  21 plants (D:9)
953 creatures vanquished.

Grand Total: 1274 creatures vanquished

Notes
Turn   | Place    | Note
-------+----------+-------------------------------------------
     0 | D:1      | ringo67 the Ogre Fire Elementalist began the quest for the
                  | Orb.
     0 | D:1      | Reached XP level 1. HP: 16/16 MP: 3/3
    19 | D:1      | Reached skill level 1 in Conjurations
   293 | D:1      | Reached XP level 2. HP: 24/24 MP: 3/5
   775 | D:1      | Reached XP level 3. HP: 25/31 MP: 0/7
  2458 | D:2      | Reached XP level 4. HP: 39/39 MP: 1/9
  2956 | D:2      | Reached XP level 5. HP: 30/45 MP: 4/10
  3681 | D:2      | Noticed Robin
  3692 | D:2      | Killed Robin
  4126 | D:3      | Learned a level 4 spell: Sticky Flame
  4419 | D:3      | Learned a level 3 spell: Conjure Flame
  5009 | D:3      | Reached XP level 6. HP: 52/53 MP: 7/12
  5219 | D:3      | Reached skill level 1 in Fighting
  6364 | D:4      | Reached XP level 7. HP: 65/65 MP: 9/14
  6427 | D:4      | Reached skill level 5 in Spellcasting
  6801 | D:4      | Noticed a shadow
  6802 | D:4      | Found a shadowy altar of Dithmenos.
  6803 | D:4      | Found a hazy altar of Hepliaklqana.
  6913 | D:4      | Found a blossoming altar of Fedhas.
  6981 | D:4      | Found a stormy altar of Qazlal.
  6982 | D:4      | Noticed an air elemental
  6984 | D:4      | Noticed a water elemental
  6984 | D:4      | Noticed a fire elemental
  7029 | D:5      | Entered Level 5 of the Dungeon
  7513 | D:5      | Reached skill level 5 in Fire Magic
  7562 | D:5      | Reached XP level 8. HP: 68/78 MP: 16/16
  7812 | D:5      | Found an ornate altar of the Wu Jian Council.
  7894 | D:5      | Found a glowing golden altar of the Shining One.
  8477 | D:6      | Found a hide-covered altar of Uskayaw.
  8527 | D:6      | Found Farghirarph's Book Shoppe.
  8785 | D:6      | Found a snail-covered altar of Cheibriados.
  8857 | D:6      | Found Roucah's Antique Armour Shoppe.
  9147 | D:6      | Reached skill level 5 in Fighting
  9314 | D:6      | Found Weimi's Assorted Antiques.
  9640 | D:6      | Found Hudeas's Assorted Antiques.
  9895 | D:7      | Found a staircase to the Ecumenical Temple.
  9901 | Temple   | Entered the Ecumenical Temple
  9908 | Temple   | Became a worshipper of Vehumet
  9936 | D:7      | Found an iron altar of Okawaru.
  9981 | D:6      | Bought a runed kite shield for 232 gold pieces
  9997 | D:6      | Learned a level 5 spell: Fireball
 10157 | D:7      | Reached skill level 1 in Shields
 10157 | D:7      | Reached skill level 5 in Conjurations
 11009 | D:7      | Reached skill level 2 in Shields
 11009 | D:7      | Reached XP level 9. HP: 88/88 MP: 11/19
 11177 | D:7      | Found a burning altar of Makhleb.
 11180 | D:7      | Found a snail-covered altar of Cheibriados.
 11183 | D:7      | Found a bloodstained altar of Trog.
 11186 | D:7      | Found a sparkling altar of Nemelex Xobeh.
 11655 | D:8      | Reached skill level 3 in Shields
 11906 | D:7      | Reached * piety under Vehumet
 11906 | D:7      | Offered knowledge of Shock by Vehumet.
 12193 | D:8      | Reached skill level 4 in Shields
 12606 | D:8      | Found Tabbanij's Gadget Boutique.
 12710 | D:8      | Noticed a boulder beetle
 12736 | D:8      | Killed a boulder beetle
 12736 | D:8      | Reached skill level 5 in Shields
 12736 | D:8      | Reached XP level 10. HP: 96/96 MP: 12/21
 12976 | D:8      | Reached ** piety under Vehumet
 12976 | D:8      | Offered knowledge of Magic Dart by Vehumet.
 13523 | D:9      | Reached skill level 6 in Shields
 13801 | D:9      | Offered knowledge of Frozen Ramparts by Vehumet.
 13959 | D:9      | Found a staircase to the Lair.
 14117 | D:9      | Reached *** piety under Vehumet
 14126 | D:9      | Found a glowing silver altar of Zin.
 14288 | D:9      | Noticed Blork the orc
 14295 | D:9      | Killed Blork the orc
 14305 | D:9      | Found a shimmering blue altar of Sif Muna.
 14374 | D:10     | Entered Level 10 of the Dungeon
 14426 | D:10     | Reached skill level 7 in Shields
 14585 | D:10     | Learned a level 3 spell: Frozen Ramparts
 14587 | D:10     | Offered knowledge of Iskenderun's Mystic Blast by Vehumet.
 14809 | D:10     | Noticed Harold
 15248 | D:10     | Identified the ring "Yxtaofipso" {rC+ MR+ SInv}
 15254 | D:10     | Reached **** piety under Vehumet
 15276 | D:10     | Killed Harold
 15276 | D:10     | Reached XP level 11. HP: 109/109 MP: 2/23
 15284 | D:10     | Paralysed by a hornet for 2 turns
 15291 | D:10     | Noticed Erica
 15312 | D:9      | Offered knowledge of Lightning Bolt by Vehumet.
 15452 | D:9      | Noticed a manticore
 15462 | D:9      | Killed a manticore
 15462 | D:9      | Reached skill level 8 in Shields
 15736 | D:10     | You fall into a shaft and drop 2 floors!
 15745 | D:12     | Noticed a two-headed ogre
 15758 | D:12     | Killed a two-headed ogre
 15958 | D:11     | Found a frozen archway.
 15989 | IceCv    | Entered an ice cave
 17152 | IceCv    | Reached skill level 9 in Shields
 17193 | IceCv    | Noticed a reaper
 17224 | IceCv    | Mangled by a reaper

Illustrated notes

Levels and vault maps discovered:
D:1:      tarquinn_simple_flora_water_d, layout_loops_ring, lemuel_old_faithful
D:2:      layout_basic, cheibrodos_gnoll_hut, uniq_robin
D:3:      minmay_spotlight, layout_rooms
D:4:      layout_rooms, riverfiend_overflow_shadow_ancestor,
          lemuel_doored_altar, nicolae_qazlal_style_of_elements
D:5:      layout_loops_ring, kennysheep_mini_moat,
          nicolae_tso_swordbearing_angel
D:6:      layout_gridville, nicolae_overflow_crystal_walls,
          serial_co_window_serial, co_window_paths_a, co_window_corner_a,
          co_window_corner_a, co_window_paths_a, co_window_paths_b,
          co_window_broadway_b, co_window_paths_c, co_window_paths_c,
          co_window_unsneaky_path_b, co_window_unsneaky_path_a,
          co_window_unsneaky_path_d, glass_columns_c, glass_columns_c,
          glass_columns_b, glass_columns_a, serial_shops, shop,
          kennysheep_little_box, shop, shop, grunt_ministairs_5,
          chei_slow_surprise
D:7:      layout_loops_cross, lemuel_crystal_altar,
          grunt_temple_overflow_cloverleaf, temple_green,
          chequers_serial_rivers_micro_a, hangedman_decor_points
D:8:      layout_rooms, serial_shops, shop_fountains
D:9:      cheibrodos_elevator_heist, layout_rooms, marbit_many_paths, tgw_sif,
          minmay_lair_entry_grove
D:10:     layout_rooms, uniq_erica, uniq_harold
D:11:     layout_roguey, portal_ice_cave_entry_pillars_2,
          hangedman_abyss_or_decor_stabs, minmay_unpleasant_kobolds
D:12:     layout_loops_cross, david_orc_5, uniq_erolcha, uniq_jorgrun
Temple:   compressed_dpeg_circular_temple
IceCv:    ice_cave_small_demon

Skill      XL: |  1  2  3  4  5  6  7  8  9 10 11 |
---------------+----------------------------------+-----
Conjurations   | 1 2 3 4 5 6 7 8 |  8.1
Fire Magic     | 3 4 5 6 7 8 |  8.5
Spellcasting   | 3 4 5 6 7 8 |  8.0
Fighting       | 2 3 5 7 8 |  8.8
Shields        | 2 5 7 9 |  9.0
Dodging        | |  1.7
Stealth        | |  1.4

Action                   |  1- 3 |  4- 6 |  7- 9 | 10-12 || total
-------------------------+-------+-------+-------+-------++-------
Melee: Unarmed           |     3 |       |       |       ||     3
       Dagger            |     1 |       |       |       ||     1
       Short sword       |    41 |    75 |       |       ||   116
       Hand axe          |       |    41 |    63 |       ||   104
       Whip              |       |       |    21 |       ||    21
       Flail             |       |       |    15 |   129 ||   144
       Trident           |       |       |     5 |       ||     5
Throw: Dart              |       |       |     2 |     2 ||     4
       Throwing net      |       |       |     1 |       ||     1
 Cast: Foxfire           |    57 |   122 |   188 |   186 ||   553
       Conjure Flame     |       |     2 |     1 |     1 ||     4
       Sticky Flame      |       |     3 |    14 |    51 ||    68
       Fireball          |       |       |    10 |    10 ||    20
Evoke: Wand              |       |       |       |     1 ||     1
  Use: Scroll            |       |       |    15 |     2 ||    17
 Stab: Sleeping          |       |       |     2 |     1 ||     3
Armor: Robe              |    29 |    40 |    17 |    38 ||   124
       Steam dragon scal |       |       |       |     8 ||     8
Dodge: Dodged            |    55 |   111 |   109 |   102 ||   377
Block: Kite shield       |       |       |     6 |   116 ||   122

Table legend: (Time is in decaauts)
 A = Elapsed time spent in this place.
 B = Non-inter-level travel time spent in this place.
 C = Inter-level travel time spent in this place.
 D = Time resting spent in this place.
 E = Time spent auto-exploring this place.
 F = Levels seen in this place.
 G = Mean time per level.
                   A        B        C        D        E       F      G
               +--------+--------+--------+--------+--------+-----+--------+
         Total |  17335 |  16862 |    473 |   7348 |   6394 |  14 | 1238.2 |
       Dungeon |  16082 |  15615 |    467 |   6429 |   6359 |  12 | 1340.2 |
        Temple |     14 |      8 |      6 |      0 |      0 |   1 |   14.0 |
      Ice Cave |   1239 |   1239 |      0 |    919 |     35 |   1 | 1239.0 |
               +--------+--------+--------+--------+--------+-----+--------+

Top non-repeatable levels by time:
     D:1: 2261 daAuts
     D:6: 1905 daAuts
     D:2: 1855 daAuts
     D:7: 1658 daAuts
     D:3: 1538 daAuts
     D:8: 1511 daAuts
     D:4: 1395 daAuts
     D:5: 1376 daAuts
     D:9: 1364 daAuts
   IceCv: 1239 daAuts
    D:10: 956 daAuts
    D:11: 184 daAuts
    D:12: 73 daAuts
  Temple: 14 daAuts
